 Dungeon Crawl Stone Soup version 0.22.1-1-ga44c0e5 (webtiles) character file.

44 Anon1729 the Chopper (level 3, -5/33 HPs)
             Began as a Naga Gladiator on Oct 19, 2018.
             Slain by a gnoll
             ... wielding a +0 flail
              (13 damage)
             ... on level 2 of the Dungeon.
             The game lasted 00:01:07 (588 turns).

Anon1729 the Chopper (Naga Gladiator)                Turns: 588, Time: 00:01:08

Health: -5/33      AC:  3    Str: 16    XL:     3   Next: 60%
Magic:  3/3        EV: 10    Int:  9    God:
Gold:   61         SH:  0    Dex: 12    Spells: 2/2 levels left

rFire    . . .     SeeInvis +   a - +0 war axe
rCold    . . .     Gourm    .   (no shield)
rNeg     . . .     Faith    .   b - +0 leather armour
rPois    +         Spirit   .   c - +0 helmet
rElec    .         Reflect  .   (no cloak)
rCorr    .         Harm     .   (no gloves)
MR       .....                  (no barding)
Stlth    +.........             (no amulet)
HPRegen  0.11/turn              (no ring)
MPRegen  0.08/turn              (no ring)

@: short of breath, very slow
A: large, see invisible, deformed body, poison resistance, slowness 2, slow
metabolism 1, spit poison 1, AC +1
a: Spit Poison


You were on level 2 of the Dungeon.
You were not hungry.

You visited 1 branch of the dungeon, and saw 2 of its levels.

You collected 61 gold pieces.

Inventory:

Hand Weapons
 a - a +0 war axe (weapon)
Missiles
 d - 3 throwing nets (quivered)
Armour
 b - a +0 leather armour (worn)
 c - a +0 helmet (worn)
Jewellery
 i - an uncursed amulet of harm {unknown}
 o - a cursed -3 ring of protection {unknown}
Scrolls
 g - a scroll of enchant armour {unknown}
 h - a scroll of immolation {unknown}
 j - a scroll of fear {unknown}
 m - a scroll of identify {unknown}
 n - a scroll of magic mapping {unknown}
Potions
 e - 2 potions of haste {unknown}
 k - a potion of lignification {unknown}
 l - a potion of curing {unknown}
Comestibles
 f - a ration


   Skills:
 + Level 2.3 Fighting
 * Level 3.6 Axes
 - Level 2.0 Throwing
 + Level 0.8 Armour
 + Level 2.7 Dodging


You had 2 spell levels left.
You didn't know any spells.
Your spell library was empty.

Dungeon Overview and Level Annotations

Branches:
Dungeon (2/15)

Altars:


Innate Abilities, Weirdness & Mutations

You cannot wear boots.
Your serpentine skin is tough. (AC +1)
You have supernaturally acute eyesight. (SInv)
Armour fits poorly on your strangely shaped body.
Your system is resistant to poisons. (rPois)
You cover ground very slowly.
You have a slow metabolism.
You can spit poison.


Message History

The gnoll is severely wounded.
The gnoll hits you with a club.
You hit the gnoll.
The gnoll is severely wounded.
You have got your breath back.
The gnoll misses you.
You slash the gnoll!
You kill the gnoll!
The gnoll barely misses you.
Press: ? - help, Shift-Dir - straight line, f/p - gnoll
Aim: a gnoll, wielding a flail (moderately wounded)
The splash of poison hits the gnoll.
The gnoll is severely wounded.
You feel slightly more hungry.
You hit the gnoll.
The gnoll is almost dead.
The gnoll hits you with a flail!
* * * LOW HITPOINT WARNING * * *
The gnoll hits you with a flail!
You die...

# #.#.............# #
#.#.......#.....#
....#...##.##.....#
###.+...##.##.....#
#.#...##..'.....#
......#####.....#
...#.##.........###...
.......................
......##.....##@######
.##.....##g#
.........lg##
#####......K.#
.............#
..##.l......#
#..†####### #... #...


You could see a gnoll, a leopard gecko, a hobgoblin and a kobold.

Vanquished Creatures
  2 gnolls (D:2)
  2 oozes
  A dart slug (D:1)
  2 bats (D:1)
  2 bat zombies (D:1)
  A giant cockroach (D:1)
  A goblin (D:1)
  2 hobgoblins (D:1)
  A frilled lizard (D:2)
14 creatures vanquished.

Notes
Turn   | Place    | Note
-------+----------+-------------------------------------------
     0 | D:1      | Anon1729 the Naga Gladiator began the quest for the Orb.
     0 | D:1      | Reached XP level 1. HP: 19/19 MP: 1/1
    96 | D:1      | Reached XP level 2. HP: 16/26 MP: 2/2
   568 | D:2      | Reached XP level 3. HP: 21/32 MP: 3/3
   588 | D:2      | Slain by a gnoll

Skill      XL: |  1  2 |
---------------+-------+-----
Throwing       | 2 |  2.0
Fighting       | |  2.3
Axes           | |  3.6
Armour         | |  0.8
Dodging        | |  2.7

Action                   || total
-------------------------++-------
Melee: War axe           ||    43
 Abil: Spit Poison       ||     3
Armor: Leather armour    ||    20
Dodge: Dodged            ||    36
